 Dungeon Crawl Stone Soup version 0.27-a0-1545-g3eddc1d3d3 (webtiles) character file.

Game seed: 17411526805088457312

60 Kinoniko the Slasher (level 3, 0/45 HPs)
             Began as a Minotaur Gladiator on July 13, 2021.
             Slain by a goblin (2 damage)
             ... led by Robin
             ... on level 2 of the Dungeon.
             The game lasted 00:01:16 (1413 turns).

Kinoniko the Slasher (Minotaur Gladiator)           Turns: 1413, Time: 00:01:17

Health: 0/45       AC: 21    Str: 18    XL:     3   Next: 80%
Magic:  0/2        EV:  2    Int:  5    God:
Gold:   64         SH:  0    Dex: 12    Spells: 2/2 levels left

rFire    . . .     SeeInvis .   a - +0 long sword
rCold    . . .     Faith    .   (no shield)
rNeg     + + +     Spirit   +   (armour currently unavailable)
rPois    +         Reflect  .   (helmet currently unavailable)
rElec    .         Harm     .   (cloak currently unavailable)
rCorr    +         Rampage  .   (gloves currently unavailable)
Will     .....     NoTele   +   (boots currently unavailable)
Stlth    +.........             e - amulet of guardian spirit
HPRegen  0.15/turn              f - ring of resist corrosion
MPRegen  0.08/turn              (no ring)

@: tree-form
A: stationary, stasis, torment immunity, boosted hp, (horns 2), (retaliatory
headbutt)
a: no special abilities


You were on level 2 of the Dungeon.
You were a tree.
You visited 1 branch of the dungeon, and saw 2 of its levels.

You collected 64 gold pieces.

Inventory:

Hand Weapons
 a - a +0 long sword (weapon)
Missiles
 d - 3 throwing nets (quivered)
Armour
 b - a +0 leather armour (melded)
 c - a +0 hat (melded)
Jewellery
 e - an amulet of guardian spirit (around neck)
 f - a ring of resist corrosion (left branch)


   Skills:
 - Level 2.4 Fighting
 * Level 5.2 Long Blades
 - Level 2.0 Throwing
 + Level 4.0 Dodging


You had 2 spell levels left.
You didn't know any spells.
Your spell library was empty.

Dungeon Overview and Level Annotations

Branches:
Dungeon (2/15)

Altars:

Shops:
D:1 *

Annotations:
D:2 Robin


Innate Abilities, Weirdness & Mutations

You are a tree.
Your roots penetrate the ground, keeping you stationary.
You cannot be teleported.
You are immune to unholy pain and torment.
Your maximum health is greatly increased.
Your equipment is partially melded.
((You have a pair of horns on your head.))
((You reflexively headbutt those who attack you in melee.))


Message History

The goblin hits you but does no damage.
Robin roars a battlecry!
The goblins go into a battle-frenzy!
The hobgoblin hits you.
* * * LOW HITPOINT WARNING * * *
The goblin hits you but does no damage.
Unknown command.
You hit the hobgoblin.
The hobgoblin is severely wounded.
The hobgoblin hits you but does no damage.
The goblin hits you but does no damage.
Unknown command.
You hit the hobgoblin but do no damage.
The hobgoblin is severely wounded.
The hobgoblin hits you but does no damage.
The goblin barely misses you.
The hobgoblin hits you but does no damage.
You hit the hobgoblin but do no damage.
The hobgoblin is severely wounded.
The goblin hits you but does no damage.
Robin roars a battlecry!
The hobgoblin hits you but does no damage.
You hear a shout!
You hit the hobgoblin.
You kill the hobgoblin!
The bat barely misses you. The goblin hits you but does no damage.
You barely miss the bat.
The goblin no longer looks unusually strong.
The bat hits you but does no damage. The goblin hits you but does no damage.
The bat hits you but does no damage.
You hit the bat.
The bat is moderately wounded.
The bat hits you but does no damage. x2
The goblin hits you but does no damage. x2
Robin roars a battlecry!
The goblin goes into a battle-frenzy!
You slash the bat!
You kill the bat!
The bat hits you but does no damage. The goblin hits you with a +0 club.
You die...

##.# #.# #.# # ##.# .#
##.############.
............... .
##..<.........# ...
##.#########.#####g....
#.# #...)g♣b.g....
#.#######.#.#####.....
#.........#.# ...
###########.# . #.# #.#
#.# #..


You could see Robin, 2 goblins and a bat.

Vanquished Creatures
  A worm (D:2)
  A dart slug (D:1)
  5 bats
  3 endoplasms
  3 giant cockroaches (D:1)
  8 goblins
  3 hobgoblins
  10 jackals (D:1)
  A quokka (D:1)
  3 ball pythons
  3 frilled lizards
  4 kobolds (D:1)
  5 rats (D:1)
50 creatures vanquished.

Notes
Turn   | Place    | Note
-------+----------+-------------------------------------------
     0 | D:1      | Kinoniko the Minotaur Gladiator began the quest for the
                  | Orb.
     0 | D:1      | Reached XP level 1. HP: 18/18 MP: 0/0
    73 | D:1      | Reached skill level 4 in Long Blades
    80 | D:1      | Reached XP level 2. HP: 12/25 MP: 1/1
   258 | D:1      | Found a faded altar of an unknown god.
   773 | D:1      | Reached XP level 3. HP: 30/30 MP: 2/2
   882 | D:1      | Found Naxeumi's Assorted Antiques.
  1148 | D:2      | Reached skill level 5 in Long Blades
  1386 | D:2      | Identified the +4 helmet "Pokebat" {Fly rF+}
  1386 | D:2      | Noticed Robin
  1406 | D:2      | HP: 1/45 [hobgoblin[Robin] (6)]
  1413 | D:2      | Slain by a goblin

Illustrated notes

Levels and vault maps discovered:
D:1:      enne_arrival_octagon_isle, layout_basic, serial_shops, shop_statue,
          basic_ecumenical_altar
D:2:      layout_loops_ring, uniq_robin

Skill      XL: |  1  2  3 |
---------------+----------+-----
Long Blades    | 4 5 |  5.2
Dodging        | 4 |  4.0
Fighting       | |  2.4
Throwing       | |  2.0

Action                   || total
-------------------------++-------
Melee: Long sword        ||    82
       Headbutt          ||     8
  Use: Scroll            ||     1
       Potion            ||     1
Armor: Leather armour    ||    14
       Skin              ||    43
Dodge: Dodged            ||    54
       Rpst.: Long sword ||     8

Table legend: (Time is in decaauts)
 A = Elapsed time spent in this place.
 B = Non-inter-level travel time spent in this place.
 C = Inter-level travel time spent in this place.
 D = Time resting spent in this place.
 E = Time spent auto-exploring this place.
 F = Levels seen in this place.
 G = Mean time per level.
                   A        B        C        D        E       F      G
               +--------+--------+--------+--------+--------+-----+--------+
         Total |   1425 |   1409 |     16 |    150 |   1055 |   2 |  712.5 |
       Dungeon |   1425 |   1409 |     16 |    150 |   1055 |   2 |  712.5 |
               +--------+--------+--------+--------+--------+-----+--------+

Top non-repeatable levels by time:
     D:1: 1137 daAuts
     D:2: 288 daAuts
